 Dungeon Crawl Stone Soup version 0.28.0 (webtiles) character file.

Game seed: 1241196252867204018

663 Cykl0x the Magician (level 7, -2/40 HPs)
             Began as a Gargoyle Hedge Wizard on Feb 12, 2022.
             Slain by a gnoll (5 damage)
             ... on level 5 of the Dungeon.
             The game lasted 00:09:15 (5382 turns).

Cykl0x the Magician (Gargoyle Hedge Wizard)         Turns: 5382, Time: 00:09:16

Health: -2/40      AC: 14    Str: 15    XL:     7   Next: 56%
Magic:  6/13       EV: 10    Int: 15    God:
Gold:   223        SH:  0    Dex:  9    Spells: 10/14 levels left

rFire   + . .      SeeInvis .   h - +2 short sword (venom)
rCold   . . .      Faith    .   (no shield)
rNeg    + . .      Spirit   .   k - +0 ring mail
rPois   ∞          Reflect  .   p - +2 helmet
rElec   +          Harm     .   (no cloak)
rCorr   .          Rampage  .   (no gloves)
Will    .....                   f - +0 pair of boots
Stlth   +.........              a - amulet of the acrobat
HPRegen 0.13/turn               j - +4 ring of slaying
MPRegen 0.13/turn               m - ring of protection from fire

@: no status effects
A: sickness immunity, AC +4, negative energy resistance 1, electricity
resistance, torment resistance 1, petrification resistance
a: no special abilities


You were on level 5 of the Dungeon.
You visited 1 branch of the dungeon, and saw 5 of its levels.

You collected 243 gold pieces.
You spent 20 gold pieces at shops.

Inventory:

Hand Weapons
 h - a +2 short sword of venom (weapon)
 q - a +4 dagger
Armour
 b - a +0 robe
 c - a +0 hat
 e - a +0 leather armour
 f - a +0 pair of boots (worn)
 k - a +0 ring mail (worn)
 p - a +2 helmet (worn)
Jewellery
 a - an amulet of the acrobat (around neck)
 j - a +4 ring of slaying (left hand)
 m - a ring of protection from fire (right hand)
 r - an amulet of reflection
Potions
 d - a potion of brilliance
 g - a potion of flight
 i - 2 potions of curing
 n - a potion of might
 o - a potion of cancellation
 s - a potion of degeneration
 t - a potion of heal wounds {unknown}


   Skills:
 * Level 2.6 Fighting
 - Level 0.5(1.6) Short Blades
 * Level 2.5 Long Blades
 + Level 2.1 Armour
 + Level 2.1 Dodging
 - Level 2.2 Stealth
 + Level 4.3 Spellcasting
 + Level 3.0 Conjurations
 - Level 0.8 Summonings
 - Level 0.8 Translocations
 * Level 2.0 Air Magic
 * Level 2.5 Poison Magic


You had 10 spell levels left.
You knew the following spells:

 Your Spells              Type           Power      Damage    Failure   Level
a - Magic Dart            Conj           48%        1d5       10%         1
b - Mephitic Cloud        Conj/Pois/Air  10%        N/A       34%         3

Your spell library contained the following spells:

 Spells                   Type           Power      Damage    Failure   Level
 Animate Skeleton         Necr           6%         N/A       32%         1
 Pain                     Necr           12%        1d4       32%         1
 Slow                     Hex            12%        N/A       32%         1
 Blink                    Tloc           10%        N/A       34%         2
 Call Imp                 Summ           5%         N/A       34%         2
 Conjure Flame            Conj/Fire      7%         6-21      47%         3
 Call Canine Familiar     Summ           5%         N/A       56%         3
 Portal Projectile        Hex/Tloc       8%         N/A       63%         3
 Vampiric Draining        Necr           3%         2d6       69%         3
 Leda's Liquefaction      Hex/Erth       1%         N/A       97%         4


Dungeon Overview and Level Annotations

Branches:
Dungeon (5/15)
 Temple: D:4-7

Altars:
Beogh

Shops:
D:2 *   D:3 [


Innate Abilities, Weirdness & Mutations

You are immune to sickness and miasma.
Your stone body is resilient. (AC +4)
You are immune to poison.
You resist negative energy. (rN+)
You are resistant to electric shocks. (rElec)
You are resistant to unholy torment.
You are immune to petrification.


Message History

Aiming: Mephitic Cloud (quite dangerous; 34% risk of failure)
Press: ? - help, Shift-Dir - straight line, f - orc
Aim: an orc, wielding a +0 hand axe (chance to affect: 96%)
The ball explodes into a vile cloud!
The stinking cloud engulfs the orc but does no damage.
The stinking cloud engulfs the gnoll but does no damage.
The stinking cloud engulfs you but does no damage.
The gnoll hits you but does no damage.
The orc is engulfed in noxious fumes.
The orc appears confused.
The gnoll misses you.
The orc is engulfed in noxious fumes.
The orc appears confused.
The orc completely misses you. The gnoll completely misses you.
The orc closely misses you.
The orc is engulfed in noxious fumes.
The orc appears confused.
The orc closely misses you.
You puncture the gnoll!
You kill the gnoll!
The gnoll barely misses you. The orc hits you but does no damage.
The orc barely misses you.
The bullfrog skeleton closely misses you.
You hit the orc.
You kill the orc!
The gnoll closely misses you.
The bullfrog skeleton barely misses you.
You puncture the orc!
You kill the orc!
The gnoll hits you but does no damage.
The bullfrog skeleton closely misses you.
You barely miss the iguana.
The iguana is moderately wounded.
The bullfrog skeleton barely misses you.
The gnoll hits you from afar with a +0 halberd!
* * * LOW HITPOINT WARNING * * *
The iguana bites you but does no damage.
The bullfrog skeleton barely misses you.
The gnoll completely misses you. The iguana completely misses you.
The bullfrog skeleton misses you.
You puncture the gnoll!
The gnoll is poisoned.
The gnoll is heavily wounded.
The gnoll hits you with a +0 halberd.
You die...

...##........#
.......##....#
....)#.##....#
.......##....#
..........#.##
....#.###...##
......#
###..########
.......
#..>..g...#
#......#
##...Z@...#
#...l....#
##########


You could see an iguana, a gnoll (very poisoned) and a bullfrog skeleton.

Vanquished Creatures
  Sigmund (D:2)
  A bullfrog (D:4)
  A scorpion (D:4)
  3 orc priests
  2 hounds
  An iguana (D:4)
  An orc wizard (D:4)
  A hound skeleton (D:4)
  Robin (D:2)
  3 adders
  5 gnolls
  An adder skeleton (D:4)
  A worm (D:2)
  6 orcs
  6 bats
  6 endoplasms
  3 giant cockroaches
  16 goblins
  9 hobgoblins
  14 ball pythons
  3 frilled lizards
  7 kobolds
  2 rats
94 creatures vanquished.

Vanquished Creatures (others)
  3 plants (D:2)
3 creatures vanquished.

Grand Total: 97 creatures vanquished

Notes
Turn   | Place    | Note
-------+----------+-------------------------------------------
     0 | D:1      | Cykl0x the Gargoyle Hedge Wizard began the quest for the
                  | Orb.
     0 | D:1      | Reached XP level 1. HP: 10/10 MP: 4/4
   458 | D:1      | Reached XP level 2. HP: 16/16 MP: 1/6
   895 | D:1      | Found a faded altar of an unknown god.
  1135 | D:1      | Reached XP level 3. HP: 20/20 MP: 0/7
  1139 | D:1      | Learned a level 3 spell: Mephitic Cloud
  1544 | D:2      | Found Geil's Assorted Antiques.
  1552 | D:2      | Bought a scroll labelled WOC NO PAICOT for 20 gold pieces
  2411 | D:2      | Noticed Sigmund
  2417 | D:2      | Killed Sigmund
  2418 | D:2      | Reached skill level 1 in Fighting
  2418 | D:2      | Reached skill level 1 in Long Blades
  2418 | D:2      | Reached skill level 1 in Armour
  2418 | D:2      | Reached skill level 1 in Air Magic
  2418 | D:2      | Reached skill level 1 in Poison Magic
  2418 | D:2      | Reached XP level 4. HP: 20/26 MP: 4/9
  2418 | D:2      | Reached XP level 5. HP: 24/30 MP: 4/10
  2546 | D:2      | Noticed Robin
  2563 | D:2      | Killed Robin
  2564 | D:2      | Reached skill level 4 in Spellcasting
  2564 | D:2      | Reached XP level 6. HP: 27/35 MP: 4/12
  3925 | D:3      | Found Loteh's Antique Armour Boutique.
  4657 | D:4      | Reached XP level 7. HP: 40/40 MP: 8/13
  5334 | D:5      | Entered Level 5 of the Dungeon
  5382 | D:5      | Slain by a gnoll

Illustrated notes

Levels and vault maps discovered:
D:1:      dpeg_arrival_round_a, layout_loops_ring,
          nicolae_ecumenical_snake_handling
D:2:      layout_loops_corners, serial_shops, nicolae_shop_trees,
          hangedman_decor_push, minmay_misc_feat_more_columns,
          serial_bayou_lake_a, uniq_sigmund, uniq_robin
D:3:      layout_basic, serial_shops, nicolae_shop_window_shopping
D:4:      layout_rooms, grunt_ministairs_7, kennysheep_orc_chapel
D:5:      layout_rooms, serial_corexii_hall, corexii_hall_statues_u,
          corexii_hall_statues_t, corexii_hall_statues_l

Skill      XL: |  1  2  3  4  5  6  7 |
---------------+----------------------+-----
Dodging        | 2 |  2.1
Fighting       | 1 2 |  2.6
Long Blades    | 1 2 |  2.5
Armour         | 1 2 |  2.1
Conjurations   | 2 3 |  3.0
Air Magic      | 1 2 |  2.0
Poison Magic   | 1 2 |  2.5
Spellcasting   | 4 |  4.3
Short Blades   | |  0.5
Stealth        | |  2.2
Summonings     | |  0.8
Translocations | |  0.8

Action                   |  1- 3 |  4- 6 |  7- 9 || total
-------------------------+-------+-------+-------++-------
Melee: Dagger            |    15 |       |       ||    15
       Short sword       |    22 |    51 |    29 ||   102
       Punch             |     2 |     2 |       ||     4
 Cast: Magic Dart        |    88 |    42 |    11 ||   141
       Mephitic Cloud    |       |     5 |     5 ||    10
  Use: Scroll            |     5 |     6 |     1 ||    12
 Stab: Confused          |       |     1 |       ||     1
Armor: Robe              |     4 |       |       ||     4
       Leather armour    |     6 |       |       ||     6
       Ring mail         |     1 |     7 |    28 ||    36
Dodge: Dodged            |    18 |    15 |    49 ||    82
